 Dungeon Crawl Stone Soup version 0.23.2-1-ga50397a (webtiles) character file.

Game seed: 4429754427823748343

9702 Borgoz the Fighter (level 11, -10/102 HPs)
             Began as a Minotaur Monk on May 25, 2019.
             Was a High Priest of Okawaru.
             Mangled by a two-headed ogre
             ... wielding a cursed -1 giant spiked club
              (19 damage)
             ... on level 11 of the Dungeon.
             The game lasted 00:16:49 (10202 turns).

Borgoz the Fighter (Minotaur Monk)                 Turns: 10202, Time: 00:16:50

Health: -10/102    AC: 15    Str: 21    XL:     11   Next: 26%
Magic:  19/19      EV: 14    Int:  7    God:    Okawaru [*****.]
Gold:   374        SH:  0    Dex: 17    Spells: 9/10 levels left

rFire    . . .     SeeInvis .   a - +3 double sword (elec)
rCold    . . .     Gourm    .   (no shield)
rNeg     . . .     Faith    .   j - +0 chain mail of Inference {rElec Dex+4}
rPois    .         Spirit   .   (helmet restricted)
rElec    +         Reflect  .   A - scarf {cloud immunity}
rCorr    .         Harm     .   b - +0 pair of gloves
MR       .....                  G - +1 pair of boots {Fly}
Stlth    ..........             (no amulet)
HPRegen  0.27/turn              n - +2 ring of strength
MPRegen  0.16/turn              C - ring of magical power

@: flying, invisible
A: retaliatory headbutt, horns 2
a: Heroism, Finesse, Renounce Religion, Stop Flying


You were on level 11 of the Dungeon.
You worshipped Okawaru.
Okawaru was extremely pleased with you.
You were not hungry.

You visited 2 branches of the dungeon, and saw 12 of its levels.

You collected 581 gold pieces.
You spent 207 gold pieces at shops.

Inventory:

Hand Weapons
 a - a +3 double sword of electrocution (weapon)
 u - a +3 scimitar of freezing
Armour
 b - a +0 pair of gloves (worn)
 j - the +0 chain mail of Inference (worn) {rElec Dex+4}
   (You took it off an orc on level 7 of the Dungeon)

   It affects your dexterity (+4).
   It insulates you from electricity.
 s - +0 steam dragon scales
 A - a scarf of cloud immunity (worn)
 G - a +1 pair of boots of flying (worn)
Jewellery
 n - a +2 ring of strength (left hand)
 p - an uncursed amulet of magic regeneration
 t - an uncursed ring of ice
 C - a ring of magical power (right hand)
Wands
 d - a wand of iceblast (18)
 v - a wand of flame (36)
 x - a wand of polymorph (9)
 E - a wand of clouds (4)
Scrolls
 f - 2 scrolls of amnesia
 g - 9 scrolls of teleportation
 h - 5 scrolls of enchant weapon
 o - 9 scrolls of remove curse
 q - 2 scrolls of blinking
 w - a scroll of identify
 y - a scroll of magic mapping
 B - a scroll of enchant armour
 D - 2 scrolls of fear
Potions
 e - 2 potions of invisibility
 i - a potion of agility
 k - 2 potions of curing
 l - 2 potions of haste
 m - a potion of cancellation
 z - a potion of flight
 F - a potion of brilliance
 H - a potion of resistance {unknown}
Comestibles
 c - 18 rations
 r - 23 chunks of flesh


   Skills:
 + Level 11.1 Fighting
 + Level 11.1 Long Blades
 + Level 10.4 Armour
 + Level 10.2 Dodging
 - Level 1.5 Stealth
 + Level 0.4 Invocations
 + Level 0.3 Evocations


You had 9 spell levels left.
You knew the following spells:

 Your Spells              Type           Power        Failure   Level  Hunger
a - Confusing Touch       Hex            #.....       96%         1    ##.....

Your spell library contained the following spells:

 Spells                   Type           Power        Failure   Level  Hunger
 Animate Skeleton         Necr           N/A          96%         1    ##.....
 Apportation              Tloc           #.....       96%         1    ##.....
 Magic Dart               Conj           #...         96%         1    ##.....
 Pain                     Necr           #...         96%         1    ##.....
 Summon Butterflies       Summ           #.......     96%         1    ##.....
 Summon Small Mammal      Summ           #...         96%         1    ##.....
 Blink                    Tloc           N/A          99%         2    ###....
 Call Imp                 Summ           #.......     99%         2    ###....
 Slow                     Hex            #.......     99%         2    ###....
 Confuse                  Hex            #.......     100%        3    ####...
 Conjure Flame            Conj/Fire      #.......     100%        3    ####...
 Gell's Gravitas          Tloc           #.........   100%        3    ####...
 Lesser Beckoning         Tloc           #.........   100%        3    ####...
 Mephitic Cloud           Conj/Pois/Air  #.......     100%        3    ####...
 Regeneration             Chrm/Necr      #.........   100%        3    ####...
 Tukima's Dance           Hex            #.......     100%        3    ####...
 Vampiric Draining        Necr           #.........   100%        3    ####...
 Animate Dead             Necr           N/A          100%        4    #####..
 Petrify                  Tmut/Erth      #.......     100%        4    #####..
 Alistair's Intoxication  Tmut/Pois      #.......     100%        5    ######.
 Metabolic Englaciation   Hex/Ice        #.........   100%        5    ######.
 Yara's Violent Unravell  Hex/Tmut       #.........   100%        5    ######.
 Invisibility             Hex            #.......     100%        6    #######


Dungeon Overview and Level Annotations

Branches:
Dungeon (11/15)            Temple (1/1) D:4             Orc (0/2) D:9
   Lair: D:8-11

Altars:
Ashenzari
Cheibriados
Dithmenos
Elyvilon
Fedhas
Gozag
Hepliaklqana
Kikubaaqudgha
Makhleb
Nemelex Xobeh
Okawaru
Qazlal
Ru
Sif Muna
Trog
Uskayaw
Vehumet
Wu Jian
Xom
Yredelemnul
Zin
The Shining One

Shops:
D:6 [   D:9 :*[

Annotations:
D:8 4 runed translucent doors
D:10 dig


Innate Abilities, Weirdness & Mutations

You reflexively headbutt those who attack you in melee.
You have a pair of horns on your head.


Message History

The two-headed ogre hits you with a +0 giant club.
You are too injured to fight recklessly!
You are too injured to fight recklessly!
You are too injured to fight recklessly!
You are too injured to fight recklessly!
You are too injured to fight recklessly!
You hit the cyclops.
The cyclops is heavily wounded.
The cyclops barely misses you.
You riposte.
You slice the cyclops!!
The cyclops is almost dead.
The two-headed ogre closely misses you. x2
The manticore bites you!
The manticore claws you but does no damage.
The manticore claws you. The cyclops hits you!!
* * * LOW HITPOINT WARNING * * *
You fade into invisibility!
The two-headed ogre misses you. You furiously retaliate!
You headbutt the two-headed ogre!
The two-headed ogre hits you with a +0 giant club!!
You die...

$.. #....##
##....#### ...###
#....# #......<.
......##....#
#...#####
......(#..).# #...# #
#..(....####..#..####
##...................
##...#......###.#...
##........#........
#.@....####........
#.HOC#....##........
#.#....##...........
#.#..?..# #.........
#.#.#.#..##.........
. ..#.##...........รท
. ..#.# ......#^...#
###.# ........#..
..8########


You could see a two-headed ogre, a manticore and a cyclops.

Vanquished Creatures
  A manticore (D:11)
  A troll (D:5)
  A hornet (D:10)
  Prince Ribbit (D:6)
  6 hippogriffs
  Sigmund (D:6)
  A wyvern (D:10)
  A vampire (D:9)
  9 yaks (D:9)
  Eustachio (D:5)
  A steam dragon (D:10)
  Grum (D:8)
  Duvessa (D:6)
  4 orc warriors
  2 sky beasts
  2 ice beasts
  2 black bears
  2 phantoms
  4 ogres
  5 centaurs
  2 wolves (D:8)
  A big kobold (D:10)
  A wyvern zombie (D:11)
  4 bullfrogs
  2 scorpions
  A water moccasin zombie (D:9)
  Dowan (D:6)
  14 killer bees
  11 wights
  A howler monkey (D:7)
  2 crimson imps (D:5)
  A bullfrog zombie (D:5)
  A centaur zombie (D:11)
  5 hounds
  A centaur skeleton (D:9)
  8 orc priests
  A jelly (D:10)
  4 iguanas
  20 orc wizards
  7 worker ants
  2 hound zombies
  A hound skeleton (D:4)
  A worker ant zombie (D:6)
  13 adders
  3 shadow imps (D:9)
  2 oozes
  2 adder skeletons
  3 worms
  5 leopard geckos
  35 orcs
  6 giant cockroaches
  7 goblins
  11 hobgoblins
  10 jackals
  6 quokkas
  A ball python (D:3)
  12 bats
  6 frilled lizards
  9 kobolds
  A leopard gecko zombie (D:8)
  2 quokka skeletons
  A quokka zombie (D:8)
  5 rats
279 creatures vanquished.

Notes
Turn   | Place    | Note
-------+----------+-------------------------------------------
     0 | D:1      | Borgoz the Minotaur Monk began the quest for the Orb.
     0 | D:1      | Reached XP level 1. HP: 19/19 MP: 0/0
   312 | D:1      | Reached XP level 2. HP: 27/27 MP: 1/1
   362 | D:1      | Reached skill level 1 in Armour
   779 | D:1      | Reached XP level 3. HP: 15/33 MP: 2/2
  1371 | D:2      | Reached XP level 4. HP: 34/40 MP: 3/3
  2503 | D:3      | Reached XP level 5. HP: 36/47 MP: 4/4
  2650 | D:4      | Reached skill level 5 in Fighting
  2729 | D:4      | Reached skill level 5 in Long Blades
  2739 | D:4      | Reached XP level 6. HP: 51/56 MP: 5/5
  2852 | D:4      | Noticed a hippogriff
  2869 | D:4      | Killed a hippogriff
  2869 | D:4      | Reached skill level 5 in Dodging
  2869 | D:4      | Reached XP level 7. HP: 28/62 MP: 6/6
  3342 | D:4      | Found a staircase to the Ecumenical Temple.
  3447 | Temple   | Entered the Ecumenical Temple
  3543 | Temple   | Became a worshipper of Warmaster Okawaru
  3543 | Temple   | Reached * piety under Okawaru
  3543 | Temple   | Reached ** piety under Okawaru
  3657 | D:5      | Entered Level 5 of the Dungeon
  3883 | D:5      | Reached skill level 5 in Armour
  4110 | D:5      | Noticed a troll
  4124 | D:5      | Killed a troll
  4124 | D:5      | Reached *** piety under Okawaru
  4124 | D:5      | Reached XP level 8. HP: 26/71 MP: 7/7
  4505 | D:5      | Noticed Eustachio
  4517 | D:5      | Killed Eustachio
  5045 | D:6      | Found Tyeg's Armour Shoppe.
  5334 | D:6      | Noticed Prince Ribbit
  5385 | D:6      | Noticed Sigmund
  5385 | D:6      | Noticed Dowan
  5385 | D:6      | Noticed Duvessa
  5389 | D:6      | Killed Sigmund
  5399 | D:6      | Killed Dowan
  5399 | D:6      | Reached **** piety under Okawaru
  5409 | D:6      | Killed Duvessa
  5409 | D:6      | Reached XP level 9. HP: 81/81 MP: 8/8
  5527 | D:6      | Killed Prince Ribbit
  5544 | D:6      | Found a shadowy altar of Dithmenos.
  6323 | D:7      | Received a gift from Okawaru
  6562 | D:7      | Reached ***** piety under Okawaru
  6614 | D:7      | Identified the +0 chain mail of Inference {rElec Dex+4}
  7169 | D:8      | Noticed Grum
  7175 | D:8      | Killed Grum
  7181 | D:8      | Received a gift from Okawaru
  7181 | D:8      | Reached XP level 10. HP: 79/91 MP: 9/9
  7376 | D:8      | Found a huge runed translucent gate.
  7376 | D:8      | Found a huge runed translucent gate.
  7376 | D:8      | Found a huge runed translucent gate.
  7376 | D:8      | Found a huge runed translucent gate.
  7377 | D:8      | Noticed a death yak
  7828 | D:9      | Found Weypp's Assorted Antiques.
  7835 | D:9      | Bought a scroll of identify for 60 gold pieces
  7835 | D:9      | Bought a scroll labeled ODAYNO DUWNUGGIHE for 30 gold
                  | pieces
  7835 | D:9      | Bought a scroll of teleportation for 90 gold pieces
  7835 | D:9      | Bought a blue potion for 27 gold pieces
  7884 | D:9      | Found a staircase to the Orcish Mines.
  7963 | D:9      | Reached skill level 10 in Fighting
  7965 | D:9      | Reached skill level 10 in Long Blades
  8303 | D:9      | Found Nymneow's Antique Armour Emporium.
  8303 | D:9      | Found Willin Suuh's Book Shoppe.
  8428 | D:9      | Found a sparkling altar of Nemelex Xobeh.
  9088 | D:10     | Entered Level 10 of the Dungeon
  9118 | D:10     | Learned a level 1 spell: Confusing Touch
  9204 | D:10     | Reached skill level 10 in Armour
  9227 | D:10     | Identified a scroll of acquirement
  9476 | D:10     | Reached XP level 11. HP: 85/101 MP: 10/10
  9502 | D:10     | Found a burning altar of Makhleb.
  9531 | D:10     | Reached skill level 10 in Dodging
  9775 | D:10     | Received a gift from Okawaru
 10194 | D:11     | Noticed a two-headed ogre
 10202 | D:11     | Mangled by a two-headed ogre

Skill      XL: |  1  2  3  4  5  6  7  8  9 10 11 |
---------------+----------------------------------+-----
Armour         | 1 2 3 4 5 6 8 10 | 10.4
Long Blades    | 4 5 6 7 9 10 11 | 11.1
Fighting       | 4 5 6 8 9 10 11 | 11.1
Dodging        | 4 5 6 7 8 9 10 | 10.2
Stealth        | |  1.5
Invocations    | |  0.4
Evocations     | |  0.3

Action                   |  1- 3 |  4- 6 |  7- 9 | 10-12 || total
-------------------------+-------+-------+-------+-------++-------
Melee: Falchion          |   100 |    80 |   165 |       ||   345
       Headbutt          |    20 |    30 |    61 |    65 ||   176
       Long sword        |       |     2 |       |       ||     2
       Dagger            |       |    57 |    20 |       ||    77
       Scimitar          |       |       |   130 |   154 ||   284
       Double sword      |       |       |       |    84 ||    84
  Use: Scroll            |       |     9 |     3 |    10 ||    22
       Potion            |       |     1 |     4 |     3 ||     8
 Stab: Sleeping          |     1 |       |       |       ||     1
  Eat: Chunk             |     2 |     4 |    14 |    11 ||    31
Armor: Robe              |     2 |       |       |       ||     2
       Plate armour      |    72 |    91 |   215 |       ||   378
       Skin              |       |       |    23 |       ||    23
       Chain mail        |       |       |    14 |   116 ||   130
Dodge: Dodged            |    45 |    48 |   139 |   182 ||   414
       Rpst.: Falchion   |    15 |     9 |    26 |       ||    50
       Scimitar          |       |       |    17 |    35 ||    52
       Double sword      |       |       |       |    18 ||    18
